 Dungeon Crawl Stone Soup version 0.25.1-2-g60ff931df9 (webtiles) character file.

Game seed: 8115301593034153288

263 xcbs the Skirmisher (level 5, 0/47 HPs)
             Began as a Minotaur Abyssal Knight on Oct 30, 2020.
             Was a Believer of Lugonu.
             Slain by an orc wizard
             ... wielding a +2 dagger of flaming
              (1 damage)
             ... on level 3 of the Dungeon on Nov 6, 2020.
             The game lasted 00:16:26 (3126 turns).

xcbs the Skirmisher (Minotaur Abyssal Knight)       Turns: 3126, Time: 00:16:26

Health: 0/47       AC:  3    Str: 16    XL:     5   Next: 97%
Magic:  6/6        EV: 12    Int:  9    God:    Lugonu [**....]
Gold:   154        SH:  0    Dex: 11    Spells: 4/4 levels left

rFire    . . .     SeeInvis .   a - +1 hand axe
rCold    . . .     Gourm    .   (no shield)
rNeg     . . .     Faith    .   d - -2 ring mail (curse)
rPois    .         Spirit   .   (helmet restricted)
rElec    .         Reflect  .   (no cloak)
rCorr    .         Harm     .   (no gloves)
MR       .....                  (no boots)
Stlth    +.........             (no amulet)
HPRegen  0.15/turn              (no ring)
MPRegen  0.10/turn              (no ring)

@: berserk cooldown, slowed, very slow
A: retaliatory headbutt, horns 2
a: Depart the Abyss, Bend Space, Renounce Religion


You were on level 3 of the Dungeon.
You worshipped Lugonu.
Lugonu was pleased with you.
You were not hungry.

You visited 1 branch of the dungeon, and saw 3 of its levels.
You visited the Abyss 1 time.

You collected 154 gold pieces.

Inventory:

Hand Weapons
 a - a +1 hand axe (weapon)
Missiles
 n - 7 atropa-tipped darts (quivered)
 o - 33 poisoned darts
Armour
 b - a +0 leather armour
 d - a cursed -2 ring mail (worn)
Wands
 v - a wand of disintegration (19)
Scrolls
 g - a scroll of fear {unknown}
 h - a scroll of fog {unknown}
 i - 2 scrolls of remove curse {unknown}
 k - a scroll of amnesia {unknown}
 m - a scroll of teleportation {unknown}
 p - 2 scrolls of magic mapping {unknown}
 q - a scroll of random uselessness {unknown}
 r - a scroll of identify {unknown}
 s - a scroll of enchant armour {unknown}
Potions
 e - 2 potions of magic {unknown}
 f - a potion of might {unknown}
 j - 2 potions of berserk rage
 l - a potion of haste {unknown}
 u - 2 potions of degeneration {unknown}
Comestibles
 c - 6 rations
 t - 10 chunks of flesh


   Skills:
 + Level 4.6 Fighting
 * Level 4.3 Axes
 + Level 3.1 Armour
 * Level 3.2 Dodging
 * Level 3.4 Invocations


You had 4 spell levels left.
You didn't know any spells.
Your spell library was empty.

Dungeon Overview and Level Annotations

Branches:
Dungeon (3/15)

Altars:
Qazlal


Innate Abilities, Weirdness & Mutations

You reflexively headbutt those who attack you in melee.
You have a pair of horns on your head.


Message History

* * * LOW HITPOINT WARNING * * *
The orc wizard closely misses you.
You slash the orc wizard!
The orc wizard is heavily wounded.
You hit the orc wizard.
The orc wizard is severely wounded.
The orc wizard hits you but does no damage.
You slash the orc wizard!
You kill the orc wizard!
Lugonu accepts your kill.
You are no longer berserk.
You are exhausted.
You feel yourself slow down.
The orc wizard hits you but does no damage.
Unknown command.
You barely miss the orc wizard.
The orc wizard hits you with a +2 dagger of flaming.
* * * LOW HITPOINT WARNING * * *
The orc wizard burns you.
You die...

#..........#
#..........#
#....>.....## #
##.......#..##
######.....###..# .
...#.##### ##.## #...#
#).# #.<### ##.# .#
#....### #@# ##.# ###
##.#...## #o##...
..<###.###..####.#..###.
#.....####....#...#...
###....######..#..#.#
#.##.....###>.....#
#.######..###.(#..#
####.#######.#.......##
........># #...####...#


You could see an orc wizard (fast).

Vanquished Creatures
  2 orc priests (D:3)
  An orc wizard (D:3)
  Jessica (D:2)
  Natasha (thrice) (D:2)
  A worm (D:2)
  2 dart slugs (D:1)
  4 orcs (D:3)
  A ball python (D:1)
  A giant cockroach (D:1)
  9 goblins
  6 hobgoblins
  4 jackals (D:2)
  2 quokkas
  6 bats
  8 frilled lizards
  10 kobolds
  4 rats
65 creatures vanquished.

Notes
Turn   | Place    | Note
-------+----------+-------------------------------------------
     0 | Abyss:1  | xcbs the Minotaur Abyssal Knight began the quest for the
                  | Orb.
     0 | Abyss:1  | Reached XP level 1. HP: 19/19 MP: 1/1
    35 | Abyss:1  | Noticed a small abomination
    37 | Abyss:1  | Noticed a small abomination
    38 | D:1      | Escaped the Abyss
   109 | D:1      | Reached * piety under Lugonu
   254 | D:1      | Reached XP level 2. HP: 27/27 MP: 2/2
   733 | D:1      | Reached XP level 3. HP: 33/33 MP: 3/3
   942 | D:2      | Noticed Jessica
   951 | D:2      | Killed Jessica
  1642 | D:2      | Noticed Natasha
  1656 | D:2      | Killed Natasha
  1656 | D:2      | Reached ** piety under Lugonu
  1656 | D:2      | Reached XP level 4. HP: 19/41 MP: 4/4
  1895 | D:2      | Found a stormy altar of Qazlal.
  2117 | D:2      | Noticed Natasha
  2127 | D:2      | Killed Natasha
  2219 | D:2      | Noticed Natasha
  2226 | D:2      | Killed Natasha
  2226 | D:2      | Reached XP level 5. HP: 18/47 MP: 6/6
  3121 | D:3      | HP: 3/70 [orc wizard/magic dart (3)]
  3126 | D:3      | HP: 1/47 [orc wizard/+2 dagger of flaming (2)]
  3126 | D:3      | Slain by an orc wizard

Illustrated notes

Levels and vault maps discovered:
D:1:      dpeg_arrival_triangle_fractal, layout_basic, minmay_misc_feat_tiny
D:2:      layout_basic, grunt_qazlal_sundering, uniq_jessica, uniq_natasha
D:3:      minmay_goblin_kobold_castle, layout_rooms, tgw_kikubaaqudgha

Skill      XL: |  1  2  3  4  5 |
---------------+----------------+-----
Fighting       | 4 |  4.6
Axes           | 3 4 |  4.3
Invocations    | 2 3 |  3.4
Dodging        | 2 3 |  3.2
Armour         | 3 |  3.1

Action                   |  1- 3 |  4- 6 || total
-------------------------+-------+-------++-------
Melee: Hand axe          |    73 |    73 ||   146
       Headbutt          |     4 |    11 ||    15
Invok: Depart the Abyss  |     1 |       ||     1
  Use: Potion            |       |     1 ||     1
  Eat: Chunk             |     2 |     5 ||     7
Armor: Ring mail         |    17 |    11 ||    28
Dodge: Dodged            |    38 |    61 ||    99
